 Dungeon Crawl Stone Soup version 0.29-a0-322-g68df515428 (webtiles) character file.

Game seed: 8699711260132808020

65 testman the Conjurer (level 3, -2/26 HPs)
             Began as a Draconian Conjurer on Apr 5, 2022.
             Slain by Grinder (6 damage)
             ... on level 3 of the Dungeon.
             The game lasted 00:07:44 (2682 turns).

testman the Conjurer (Draconian Conjurer)           Turns: 2682, Time: 00:07:45

Health: -2/26      AC:  7    Str:  9    XL:     3   Next: 92%
Magic:  1/7        EV: 12    Int: 20    God:
Gold:   214        SH:  0    Dex:  9    Spells: 5/8 levels left

rFire   . . .      SeeInvis .   e - +1 dagger (freeze)
rCold   . . .      Faith    .   j - orb {light}
rNeg    . . .      Spirit   .   (body armour unavailable)
rPois   .          Reflect  .   i - +2 hat {Will+}
rElec   .          Harm     .   (no cloak)
rCorr   .          Rampage  .   (no gloves)
Will    ++...                   (no boots)
Stlth   +.........              (no amulet)
HPRegen 0.08/turn               r - ring of willpower
MPRegen 0.10/turn               (no ring)

@: glowing
A: AC +5, unfitting armour, cold-blooded
a: no special abilities


You were on level 3 of the Dungeon.
You visited 1 branch of the dungeon, and saw 3 of its levels.

You collected 214 gold pieces.

Inventory:

Hand Weapons
 e - a +1 dagger of freezing (weapon)
 k - a +1 dagger of protection
Missiles
 c - 10 javelins
 m - 4 atropa-tipped darts
 t - 4 poisoned darts
 w - 2 boomerangs
Armour
 i - a +2 hat of willpower (worn)
 j - an orb of light (worn)
Jewellery
 r - a ring of willpower (left hand)
Scrolls
 g - 6 scrolls of identify {unknown}
 o - a scroll of noise {unknown}
 p - a scroll of blinking {unknown}
 s - a scroll of acquirement {unknown}
 v - a scroll of fear {unknown}
Potions
 a - a potion of magic
 b - a potion of attraction {unknown}
 d - 2 potions of heal wounds {unknown}
 f - 3 potions of curing {unknown}
 h - a potion of haste {unknown}
 l - 2 potions of lignification {unknown}
 n - a potion of ambrosia {unknown}
 q - a potion of brilliance {unknown}
 u - a potion of mutation {unknown}
 x - a potion of flight {unknown}


   Skills:
 - Level 1.7 Dodging
 - Level 1.7 Stealth
 + Level 3.1 Spellcasting
 + Level 4.8 Conjurations


You had 5 spell levels left.
You knew the following spells:

 Your Spells              Type           Power      Damage    Failure   Level
a - Magic Dart            Conj           88%        1d7       1%          1
b - Searing Ray           Conj           44%        2d6       3%          2

Your spell library contained the following spells:

 Spells                   Type           Power      Damage    Failure   Level
 Sandblast                Erth           6%         2d5       14%         1
 Dazzling Flash           Conj/Hex       24%        N/A       16%         3
 Stone Arrow              Conj/Erth      24%        3d8       16%         3
 Passwall                 Tmut/Erth      2%         N/A       22%         2
 Fulminant Prism          Conj/Hex       6%         3d7       45%         4
 Iskenderun's Mystic Bla  Conj/Tloc      12%        2d5       45%         4


Dungeon Overview and Level Annotations

Branches:
Dungeon (3/15)

Altars:

Annotations:
D:3 Grinder


Innate Abilities, Weirdness & Mutations

Your plain brown scales are hard. (AC +5)
You cannot fit into any form of body armour.
You are cold-blooded and may be slowed by cold attacks.


Message History

Grinder is heavily wounded.
Grinder barely misses you.
You hit Grinder.
Grinder is heavily wounded.
Grinder hits you.
You hit Grinder but do no damage.
You tail-slap Grinder, but do no damage.
Grinder is heavily wounded.
Grinder hits you.
You writhe in agony.
* * * LOW HITPOINT WARNING * * *
You are too injured to fight recklessly!
You are too injured to fight recklessly!
You hit Grinder.
Grinder is heavily wounded.
Grinder hits you but does no damage.
You hit Grinder.
You tail-slap Grinder, but do no damage.
Grinder is heavily wounded.
Grinder misses you.
You hit Grinder.
Grinder is severely wounded.
Grinder blinks!
Aiming: Magic Dart (safe; 1% risk of failure)
Press: ? - help, Q - select action, (/) - cycle Shift-Dir - straight line, f/p - Grinder
Aim: Grinder (severely wounded, haloed, 100% to hit)
The magic dart hits Grinder.
Grinder is severely wounded.
You hit Grinder but do no damage.
Grinder is severely wounded.
Grinder hits you but does no damage.
You hit Grinder.
Grinder is severely wounded.
Grinder gestures at you. You resist with almost no effort.
You barely miss Grinder.
Grinder is severely wounded.
Grinder hits you.
* * * LOW HITPOINT WARNING * * *
You writhe in agony.
You die...

#(.......#
#........###########
#........#.#.......#
#..........#...(...#
#........#.#........
#........#.#.##.####
#........#.#.#..#
#####..5....#########
!......@....# #
........#.#.# ###
........#.#.# ##..
............# #...
..........#.# ##...
............# #...#
..........#.# ##...#
...>).......#
####...##
..........####......#


You could see Grinder.

Vanquished Creatures
  An adder (D:2)
  3 endoplasms
  2 giant cockroaches
  4 goblins (D:1)
  4 hobgoblins
  11 jackals
  4 quokkas
  2 ball pythons (D:1)
  4 bats
  3 frilled lizards
  5 kobolds
  6 rats
49 creatures vanquished.

Vanquished Creatures (others)
  5 fungi (D:1)
  8 plants (D:1)
13 creatures vanquished.

Grand Total: 62 creatures vanquished

Notes
Turn   | Place    | Note
-------+----------+-------------------------------------------
     0 | D:1      | testman the Draconian Conjurer began the quest for the Orb.
     0 | D:1      | Reached XP level 1. HP: 14/14 MP: 3/3
   225 | D:1      | Reached XP level 2. HP: 20/20 MP: 3/5
   231 | D:1      | Learned a level 2 spell: Searing Ray
   494 | D:1      | Found a faded altar of an unknown god.
   979 | D:1      | Reached XP level 3. HP: 26/26 MP: 4/7
  2659 | D:3      | Noticed Grinder
  2682 | D:3      | Slain by Grinder

Illustrated notes

Levels and vault maps discovered:
D:1:      dpeg_arrival_arbitrary_a, layout_loops_ring,
          dreamdust_ecumenical_altar_grove, minmay_close_crescents
D:2:      layout_basic
D:3:      minmay_door_path, layout_rooms, serial_curves, eino_curves_03,
          eino_curves_03, eino_curves_04, minmay_snake_closets, uniq_grinder,
          uniq_robin

Skill      XL: |  1  2  3 |
---------------+----------+-----
Spellcasting   | 3 |  3.1
Dodging        | |  1.7
Stealth        | |  1.7
Conjurations   | |  4.8

Action                   || total
-------------------------++-------
Melee: Unarmed           ||    34
       Dagger            ||    60
       Tailslap          ||    10
       Punch             ||     1
 Cast: Magic Dart        ||    47
       Searing Ray       ||     5
 Stab: Sleeping          ||     2
Armor: Skin              ||    35
Dodge: Dodged            ||    56

Table legend: (Time is in decaauts)
 A = Elapsed time spent in this place.
 B = Non-inter-level travel time spent in this place.
 C = Inter-level travel time spent in this place.
 D = Time resting spent in this place.
 E = Time spent auto-exploring this place.
 F = Levels seen in this place.
 G = Mean time per level.
                   A        B        C        D        E       F      G
               +--------+--------+--------+--------+--------+-----+--------+
         Total |   2682 |   2511 |    171 |    419 |   1770 |   3 |  894.0 |
       Dungeon |   2682 |   2511 |    171 |    419 |   1770 |   3 |  894.0 |
               +--------+--------+--------+--------+--------+-----+--------+

Top non-repeatable levels by time:
     D:1: 1483 daAuts
     D:2: 934 daAuts
     D:3: 264 daAuts
